 Dungeon Crawl Stone Soup version 0.25.0-1-g7eea58d (webtiles) character file.

Game seed: 10524429344679955240

86067 PublicAnimeNo1 the Covert (level 15, 0/107 HPs)
             Began as a Demonspawn Necromancer on June 16, 2020.
             Was a High Priest of Hepliaklqana.
             Slain by a phantasmal warrior (32 damage)
             ... led by a death knight
             ... on level 13 of the Dungeon.
             The game lasted 01:25:25 (34700 turns).

PublicAnimeNo1 the Covert (Demonspawn Necromancer) Turns: 34700, Time: 01:25:26

Health: 0/107      AC: 14    Str: 13    XL:     15   Next: 39%
Magic:  23/24      EV: 18    Int: 17    God:    Hepliaklqana [*****.]
Gold:   2080       SH:  8    Dex: 20    Spells: 6/26 levels left

rFire    + . .     SeeInvis .   s - +1 dagger (pain)
rCold    + . .     Gourm    .   L - +2 buckler
rNeg     . . .     Faith    .   E - +5 ring mail of the Ladybird {+Blink rC+ Str+4}
rPois    +         Spirit   .   (no helmet)
rElec    .         Reflect  .   S - +0 cloak of Satisfaction {rPois Int-4 Dex+5 Stlth+}
rCorr    .         Harm     .   q - +0 pair of gloves
MR       +....                  (no boots)
Stlth    +++++++++.             (no amulet)
HPRegen  0.27/turn              i - ring of protection from fire
MPRegen  0.19/turn              l - ring of protection from magic

@: vulnerable
A: reduced essence, talons 1, nightstalker 3, spiny 2, sturdy frame 3
a: Recall Ancestor, Ancestor Identity, Transference, Idealise, Renounce
Religion, Evoke Blink


You were on level 13 of the Dungeon.
You worshipped Hepliaklqana.
Hepliaklqana was extremely pleased with you.
You were not hungry.

You visited 4 branches of the dungeon, and saw 24 of its levels.

You collected 3245 gold pieces.
You spent 1165 gold pieces at shops.

Inventory:

Hand Weapons
 b - a +1 dagger of venom
   (You took it off Sonja on level 2 of the Lair of Beasts)
 d - a +2 short sword of freezing
   (You took it off an orc on level 11 of the Dungeon)
 s - a +1 dagger of pain (weapon)
   (You took it off an orc sorcerer on level 2 of the Orcish Mines)
Missiles
 x - 6 throwing nets (quivered) {!f}
 B - 192 sling bullets
Armour
 q - a +0 pair of gloves (worn)
   (You found it on level 12 of the Dungeon)
 E - the +5 ring mail of the Ladybird (worn) {+Blink rC+ Str+4}
   (You found it on level 5 of the Dungeon)

   It affects your strength (+4).
   It protects you from cold.
   It lets you blink.
 L - a +2 buckler (worn)
   (You found it on level 6 of the Lair of Beasts)
 S - the +0 cloak of Satisfaction (worn) {rPois Int-4 Dex+5 Stlth+}
   (You found it on level 8 of the Dungeon)

   It affects your intelligence (-4).
   It affects your dexterity (+5).
   It protects you from poison.
   It makes you more stealthy.
Jewellery
 i - a ring of protection from fire (left hand)
   (You found it on level 4 of the Dungeon)
 l - a ring of protection from magic (right hand)
   (You found it on level 2 of the Dungeon)
 n - an uncursed amulet of faith {!P}
   (You found it on level 12 of the Dungeon)
 w - an uncursed ring of poison resistance
   (You found it on level 2 of the Lair of Beasts)
 z - an uncursed ring of see invisible
   (You found it on level 2 of the Dungeon)
Wands
 c - a wand of disintegration (31)
   (You found it on level 5 of the Lair of Beasts)
 t - a wand of flame (48)
   (You took it off a gnoll on level 3 of the Dungeon)
 u - a wand of paralysis (9)
   (You found it on level 8 of the Dungeon)
 v - a wand of digging (2)
   (You found it on level 5 of the Lair of Beasts)
 I - a wand of iceblast (29)
   (You found it on level 4 of the Dungeon)
 N - a wand of polymorph (6)
   (You found it on level 7 of the Dungeon)
 O - a wand of clouds (8)
   (You found it on level 4 of the Lair of Beasts)
Scrolls
 f - 7 scrolls of amnesia
 h - 5 scrolls of enchant weapon
 m - 2 scrolls of teleportation {@r4}
 y - 7 scrolls of remove curse {@r2}
 C - 3 scrolls of enchant armour
 H - a scroll of fog
 J - a scroll of magic mapping
 K - 2 scrolls of fear
 M - 6 scrolls of identify {@r1}
 P - a scroll of summoning
 R - 5 scrolls of blinking
 V - a scroll of vulnerability {!r}
Potions
 a - 4 potions of flight
 g - 7 potions of stabbing
 j - 8 potions of haste {@q3}
 k - a potion of brilliance
 p - 3 potions of cancellation
 r - 6 potions of might
 A - 2 potions of ambrosia
 D - a potion of mutation {!q}
 G - 5 potions of lignification {!q}
 Q - 2 potions of invisibility
 T - 7 potions of curing {@q1}
 U - a potion of heal wounds {@q2}
Miscellaneous
 o - 2 phantom mirrors
Comestibles
 e - 27 rations {!d}


   Skills:
 + Level 11.6 Fighting
 - Level 10.0 Short Blades
 + Level 8.2 Armour
 - Level 8.0 Dodging
 + Level 12.3 Stealth
 - Level 4.0 Shields
 - Level 6.0 Spellcasting
 * Level 9.0 Hexes
 * Level 9.2 Necromancy
 - Level 5.0 Invocations
 - Level 6.0 Evocations


You had 6 spell levels left.
You knew the following spells:

 Your Spells              Type           Power        Failure   Level  Hunger
a - Ensorcelled Hibernat  Hex/Ice        ###...       3%          2    None
b - Confusing Touch       Hex            #####...     1%          3    ##.....
c - Dazzling Flash        Conj/Hex       ###...       6%          3    ##.....
q - Vampiric Draining     Necr           #####.....   1%          3    ##.....
s - Animate Skeleton      Necr           N/A          1%          1    None
t - Pain                  Necr           ####         1%          1    None
u - Animate Dead          Necr           N/A          3%          4    ####...
x - Spectral Weapon       Hex/Chrm       ###.....     6%          3    ##.....

Your spell library contained the following spells:

 Spells                   Type           Power        Failure   Level  Hunger
 Corona                   Hex            #####..      1%          1    None
 Sublimation of Blood     Necr           #####.....   1%          2    None
 Tukima's Dance           Hex            #####...     1%          3    ##.....
 Cause Fear               Hex            #####.....   3%          4    ####...
 Agony                    Necr           #####...     9%          5    #####..
 Beastly Appendage        Tmut           #.....       13%         1    None
 Infusion                 Chrm           #...         13%         1    None
 Sandblast                Erth           #.....       13%         1    None
 Shroud of Golubria       Chrm/Tloc      #.....       19%         2    None
 Song of Slaying          Chrm           #.......     19%         2    None
 Sticks to Snakes         Tmut           #.......     19%         2    None
 Swiftness                Chrm/Air       #.......     19%         2    None
 Ignite Poison            Fire/Tmut/Pois #.......     36%         3    ##.....
 Ozocubu's Armour         Chrm/Ice       #.......     36%         3    ##.....
 Spider Form              Tmut/Pois      #.........   36%         3    ##.....
 Borgnjor's Vile Clutch   Necr/Erth      ###.......   47%         5    #####..
 Excruciating Wounds      Chrm/Necr      ###.......   47%         5    #####..
 Silence                  Hex/Air        ###.......   50%         5    #####..
 Yara's Violent Unravell  Hex/Tmut       ###.......   50%         5    #####..
 Ice Form                 Ice/Tmut       #.......     77%         4    ####...
 Blade Hands              Tmut           #.........   98%         5    #####..
 Bolt of Magma            Conj/Fire/Erth #.........   98%         5    #####..
 Summon Forest            Summ/Tloc      #.........   98%         5    #####..
 Statue Form              Tmut/Erth      #........    100%        6    #######
 Discord                  Hex            #####.....   100%        8    #######


Dungeon Overview and Level Annotations

Branches:
Dungeon (15/15)            Temple (1/1) D:5            Lair (6/6) D:9
 Shoals (0/4) Lair:3        Snake (0/4) Lair:2        Slime (0/5) Lair:5
    Orc (2/2) D:12            Elf (0/3) Orc:2        Vaults (0/5) D:13
 Depths: D:15

Altars:
Ashenzari
Cheibriados
Dithmenos
Elyvilon
Fedhas
Gozag
Hepliaklqana
Kikubaaqudgha
Makhleb
Nemelex Xobeh
Okawaru
Qazlal
Ru
Sif Muna
Trog
Uskayaw
Vehumet
Wu Jian
Xom
Yredelemnul
Zin
The Shining One
Beogh
Jiyva

Shops:
Orc:2 ?:*%[*?

Portals:
Pandemonium: Orc:2

Annotations:
D:4 1 runed translucent door, chequers's ghost, novice DrTm
D:10 exclusions: door and 2 more exclusions, Erolcha; Gastronok
D:12 3 runed translucent doors
Lair:6 exclusion: oklob plant
Orc:1 3 runed translucent doors, Segg's ghost, adept GnSk


Innate Abilities, Weirdness & Mutations

You have sharp toenails.
You are completely attuned to the shadows.
You are mostly covered in sharp spines.
Your movements are significantly less encumbered by armour. (ER -6)
Your life essence is reduced to manifest your ancestor. (-10% HP)


Message History

The freezing wraith freezes you! You resist.
* * * LOW HITPOINT WARNING * * *
The freezing wraith hits you but does no damage.
The phantasmal warrior hits you.
* * * LOW HITPOINT WARNING * * *
Appia hits the phantasmal warrior but does no damage.
You block the freezing wraith's attack. The freezing wraith hits you.
* * * LOW HITPOINT WARNING * * *
The freezing wraith drains your vigour!
You feel as though you will be slow longer.
Appia barely misses the phantasmal warrior.
The phantasmal warrior hits Appia!
You blink.
You feel slightly more hungry.
Appia points at the phantasmal warrior and mumbles some strange words.
The phantasmal warrior resists with almost no effort.
The phantasmal warrior hits Appia!
As you read the scroll of teleportation {@r4}, it crumbles to dust.
You feel strangely unstable.
The phantasmal warrior closely misses Appia.
Appia barely misses the phantasmal warrior.
The freezing wraith hits you but does no damage.
The freezing wraith hits you.
* * * LOW HITPOINT WARNING * * *
The freezing wraith drains your vigour!
You feel as though you will be slow longer.
Appia hits the phantasmal warrior with a +0 dagger of draining!
The phantasmal warrior is destroyed!
Your Hexes skill increases to level 9!
Unknown command.
You blink.
You feel slightly more hungry.
Your surroundings suddenly seem different.
Unknown command.
Your hands stop glowing.
Found a ration.
You start resting.
You feel yourself speed up.
A phantasmal warrior appears from thin air!
A phantasmal warrior is nearby!
The phantasmal warrior blinks!
You hit the phantasmal warrior but do no damage.
You claw the phantasmal warrior.
You block the phantasmal warrior's attack.
Appia gestures at the phantasmal warrior while chanting.
The phantasmal warrior resists with almost no effort.
You hit the phantasmal warrior but do no damage.
You claw the phantasmal warrior, but do no damage.
You barely miss the phantasmal warrior.
The phantasmal warrior is struck by your spines.
The phantasmal warrior hits you!!
You die...

#......o#
#....# #....#
.....# # .##
##########...
.............
....#..###R....
.... ....#..#
#@W... ....
....#..# #..###
..#.. ....#..#
#..# W.#..
.......# #..#
..... .......#
#%.. .....
.......# .....
......... #####
#########


You could see the friendly Appia the hexer (vulnerable) and a phantasmal
warrior.

Vanquished Creatures
  An orc warlord (Orc:2)
  Nessos (Lair:4)
  An ogre mage (Orc:2)
  A hydra (Lair:6)
  A death knight (D:13)
  2 two-headed ogres
  3 centaur warriors
  4 death yaks
  Sonja (Lair:2)
  7 orc high priests (Orc:2)
  2 sun demons (Orc:2)
  An unseen horror (D:14)
  2 gelid demonspawn (Orc:2)
  A torturous demonspawn (Orc:2)
  A necromancer (D:13)
  A lindwurm (Lair:6)
  6 orc sorcerers (Orc:2)
  A deep elf mage (D:14)
  6 orc knights
  11 ugly things
  5 cyclopes
  3 manticores
  8 elephants
  Joseph (D:10)
  A torpor snail (Lair:6)
  3 black mambas
  3 molten gargoyles
  Maurice (Orc:1)
  2 gargoyles
  10 spiny frogs
  Maggie (D:8)
  2 rime drakes
  A freezing wraith (D:14)
  2 hellwings (Orc:2)
  6 komodo dragons
  4 trolls
  2 polar bears
  4 slime creatures (D:14)
  A snapping turtle (Lair:3)
  3 raiju (Lair:6)
  16 blink frogs
  14 hippogriffs
  A shadow (D:12)
  31 yaks
  Grum (D:8)
  A neqoxec (Orc:2)
  4 basilisks
  2 wyverns
  2 steam dragons
  3 vampire mosquitoes (D:14)
  A chaos spawn (Orc:2)
  8 wargs
  2 acid dragons
  15 water moccasins
  5 porcupines
  8 hell hounds (Lair:6)
  5 black bears
  33 orc warriors
  A hornet zombie (D:11)
  4 ice beasts
  A sky beast (D:8)
  A slave (D:8)
  A phantom (D:5)
  21 wolves
  3 boggarts (D:14)
  11 centaurs
  9 ogres
  A hexer (D:14)
  7 crocodiles
  2 big kobolds (D:8)
  14 bullfrogs
  A wyvern skeleton (D:14)
  2 scorpions
  A killer bee (D:12)
  7 wights
  3 howler monkeys
  2 electric eels
  5 crimson imps
  A quasit (D:12)
  A lava snake (D:11)
  11 hounds
  3 centaur zombies
  A jelly (D:14)
  3 gnoll shamans (D:3)
  22 orc priests
  3 centaur skeletons
  2 iguanas
  Terence (D:3)
  8 worker ants
  27 orc wizards
  A hell rat (Lair:6)
  A killer bee zombie (D:4)
  2 hound skeletons
  25 gnolls
  9 adders
  4 shadow imps
  An adder zombie (D:9)
  2 worms
  2 dart slugs (D:1)
  5 leopard geckos
  92 orcs
  2 giant cockroaches
  4 goblins
  6 hobgoblins
  24 jackals
  2 quokkas
  4 ball pythons
  5 bats
  3 frilled lizards
  4 kobolds
  A leopard gecko skeleton (D:4)
  A leopard gecko zombie (D:5)
  4 rats
653 creatures vanquished.

Vanquished Creatures (collateral kills)
  Harold (Lair:2)
  3 death yaks
  An orc high priest (Orc:2)
  Pikel (D:8)
  A phantasmal warrior (D:13)
  An elephant (Lair:3)
  A spiny frog (Lair:2)
  A centaur skeleton (D:11)
  A red devil (Orc:2)
  5 trolls
  A raiju (Lair:6)
  6 blink frogs
  A vampire (D:14)
  8 yaks
  A basilisk (Lair:2)
  A vampire mosquito (D:14)
  3 wargs
  A water moccasin (D:8)
  A hell hound (Lair:6)
  5 orc warriors
  2 ice beasts
  2 phantoms
  2 ogres
  3 centaurs
  8 wolves
  A crocodile (Lair:6)
  A big kobold (D:8)
  A wight (D:7)
  A crimson imp (D:8)
  A quasit (D:12)
  An orc priest (D:8)
  2 gnoll shamans (D:3)
  2 bullfrog skeletons
  2 iguanas
  3 orc wizards
  A killer bee zombie (D:9)
  A hound skeleton (D:8)
  A howler monkey skeleton (D:6)
  6 gnolls (D:3)
  An adder (D:5)
  20 orcs
  2 giant cockroaches
  2 jackals
  2 kobolds (D:8)
  A rat (D:2)
  A fungus (Lair:6)
  A plant (Lair:6)
115 creatures vanquished.

Vanquished Creatures (others)
  Fannar (D:10)
  A bullfrog (D:6)
  A scorpion (D:6)
  A hound (D:6)
  An iguana (D:6)
  An orc wizard (D:7)
  22 hexers
  A hound skeleton (D:8)
  A howler monkey zombie (D:8)
  4 ancestors
  An orc (D:6)
  8 fungi
  12 plants
  A spectral weapon (Orc:2)
56 creatures vanquished.

Grand Total: 824 creatures vanquished

Notes
Turn   | Place    | Note
-------+----------+-------------------------------------------
     0 | D:1      | PublicAnimeNo1 the Demonspawn Necromancer began the quest
                  | for the Orb.
     0 | D:1      | Reached XP level 1. HP: 13/13 MP: 3/3
   100 | D:1      | Learned a level 1 spell: Animate Skeleton
   482 | D:1      | Reached skill level 1 in Fighting
   525 | D:1      | Gained mutation: You are slightly more attuned to the
                  | shadows. [demonic ancestry]
   525 | D:1      | Reached XP level 2. HP: 21/21 MP: 5/5
  1686 | D:2      | Reached XP level 3. HP: 27/27 MP: 6/6
  1692 | D:2      | Reached skill level 5 in Necromancy
  2088 | D:2      | Gained mutation: You are partially covered in sharp spines.
                  | [demonic ancestry]
  2088 | D:2      | Reached XP level 4. HP: 11/34 MP: 0/7
  2470 | D:3      | Learned a level 3 spell: Vampiric Draining
  2705 | D:3      | Found a glowing drain.
  3063 | D:4      | Reached skill level 2 in Stealth
  3063 | D:4      | Gained mutation: Your movements are slightly less
                  | encumbered by armour. (ER -2) [demonic ancestry]
  3063 | D:4      | Reached XP level 5. HP: 35/41 MP: 5/8
  3456 | D:4      | Reached skill level 1 in Short Blades
  3506 | D:4      | Found a runed translucent door.
  3506 | D:4      | Noticed chequers's ghost (novice DrTm)
  3793 | D:4      | Reached XP level 6. HP: 39/47 MP: 7/9
  4214 | D:3      | Noticed Terence
  4658 | D:3      | Reached skill level 3 in Stealth
  5156 | D:3      | Gained mutation: Your movements are less encumbered by
                  | armour. (ER -4) [demonic ancestry]
  5156 | D:3      | Reached XP level 7. HP: 25/52 MP: 5/10
  5258 | D:3      | Reached skill level 1 in Shields
  5982 | D:5      | Entered Level 5 of the Dungeon
  6106 | D:5      | Reached skill level 4 in Stealth
  6285 | D:3      | Killed Terence
  6553 | D:5      | Found a shimmering blue altar of Sif Muna.
  6586 | D:5      | Found a staircase to the Ecumenical Temple.
  6609 | Temple   | Entered the Ecumenical Temple
  6779 | Temple   | Became a worshipper of Hepliaklqana the Forgotten
  7182 | D:5      | Got a translucent ring mail
  7186 | D:5      | Identified the +5 ring mail of the Ladybird {+Blink rC+
                  | Str+4} (You found it on level 5 of the Dungeon)
  7223 | D:5      | Gained mutation: You are mostly covered in sharp spines.
                  | [demonic ancestry]
  7223 | D:5      | Reached XP level 8. HP: 51/52 MP: 11/11
  7654 | D:6      | Reached skill level 1 in Armour
  8058 | D:6      | Found a shimmering altar of Xom.
  8324 | D:6      | Reached * piety under Hepliaklqana
  8333 | D:6      | Reached skill level 5 in Stealth
  8455 | D:6      | Found a shadowy altar of Dithmenos.
  8989 | D:7      | Gained mutation: Your movements are significantly less
                  | encumbered by armour. (ER -6) [demonic ancestry]
  8989 | D:7      | Reached XP level 9. HP: 50/59 MP: 13/13
  9069 | D:7      | Identified the +3 quarterstaff "Ilamn" {distort, rPois
                  | Int+3 Dex-2}
  9359 | D:7      | Found an ornate altar of the Wu Jian Council.
  9362 | D:7      | Found a white marble altar of Elyvilon.
  9369 | D:7      | Found a snail-covered altar of Cheibriados.
  9372 | D:7      | Found a stormy altar of Qazlal.
  9567 | D:7      | Learned a level 3 spell: Confusing Touch
  9647 | D:7      | Reached skill level 5 in Fighting
  9666 | D:7      | Reached skill level 1 in Hexes
 10212 | D:8      | Noticed Maggie
 10225 | D:8      | Killed Maggie
 10550 | D:8      | Reached ** piety under Hepliaklqana
 10551 | D:8      | Remembered your ancestor Appia as a hexer
 10587 | D:8      | Got a translucent cloak
 10590 | D:8      | Noticed Pikel
 10601 | D:8      | Killed Pikel
 10601 | D:8      | Reached skill level 6 in Stealth
 10655 | D:8      | Identified the +0 cloak of Satisfaction {rPois Int-4 Dex+5
                  | Stlth+} (You found it on level 8 of the Dungeon)
 10754 | D:8      | Noticed Grum
 10769 | D:9      | Reached XP level 10. HP: 41/68 MP: 12/16
 10823 | D:8      | Killed Grum
 11256 | D:8      | Reached skill level 5 in Spellcasting
 11424 | D:8      | Found the +4 Cigotuvi's embrace {rRot *Drain rN+}
 11448 | D:8      | Identified the Guide on Black Rites and the Compass
 11522 | D:9      | Noticed a death yak
 11523 | D:9      | Noticed a death yak
 11707 | D:9      | Reached skill level 7 in Stealth
 11813 | D:9      | Found a roughly hewn altar of Beogh.
 11825 | D:9      | Reached skill level 5 in Armour
 12100 | D:9      | Reached skill level 5 in Dodging
 12224 | D:9      | Noticed a death yak
 12358 | D:9      | Noticed an ice dragon
 12415 | D:10     | Entered Level 10 of the Dungeon
 12444 | D:10     | Noticed Joseph
 12466 | D:10     | Noticed Gastronok
 12500 | D:10     | Noticed Erolcha
 12745 | D:10     | Found an opulent altar of Gozag.
 12759 | D:10     | Reached *** piety under Hepliaklqana
 12783 | D:10     | Noticed Fannar
 12820 | D:10     | Killed Fannar
 12820 | D:10     | Gained mutation: You are significantly more attuned to the
                  | shadows. [demonic ancestry]
 12820 | D:10     | Reached XP level 11. HP: 49/72 MP: 20/20
 13358 | D:10     | Killed Joseph
 13468 | D:11     | Reached skill level 1 in Evocations
 13614 | D:11     | Reached skill level 8 in Stealth
 14124 | D:11     | Noticed a two-headed ogre
 14184 | D:10     | Killed a two-headed ogre
 15254 | D:11     | Noticed a cyan ugly thing
 15259 | D:11     | Killed a cyan ugly thing
 16047 | D:9      | Found a staircase to the Lair.
 16051 | D:9      | Killed a death yak
 16071 | D:9      | Killed a death yak
 16270 | D:9      | Killed a death yak
 16270 | D:9      | Reached skill level 5 in Short Blades
 16403 | Lair:1   | Entered Level 1 of the Lair of Beasts
 16415 | Lair:1   | Reached skill level 9 in Stealth
 16559 | Lair:1   | Gained mutation: You are completely attuned to the shadows.
                  | [demonic ancestry]
 16559 | Lair:1   | Reached XP level 12. HP: 82/82 MP: 21/21
 16576 | Lair:1   | Learned a level 3 spell: Dazzling Flash
 16579 | Lair:1   | Learned a level 2 spell: Ensorcelled Hibernation
 17113 | Lair:1   | Learned a level 3 spell: Spectral Weapon
 17507 | Lair:2   | Reached **** piety under Hepliaklqana
 17666 | Lair:2   | Noticed Harold
 17681 | Lair:2   | Killed Harold
 17681 | Lair:2   | Reached skill level 5 in Evocations
 17984 | Lair:2   | Found a staircase to the Snake Pit.
 18320 | Lair:2   | Noticed Sonja
 18325 | Lair:2   | Killed Sonja
 19611 | Lair:3   | Reached skill level 10 in Stealth
 19825 | Lair:3   | You fall into a shaft and drop 3 floors!
 19825 | Lair:6   | Entered Level 6 of the Lair of Beasts
 19974 | Lair:6   | Learned a level 4 spell: Animate Dead
 20085 | Lair:6   | Noticed an eight-headed hydra
 20104 | Lair:6   | Reached XP level 13. HP: 59/90 MP: 20/22
 20346 | Lair:6   | Reached ***** piety under Hepliaklqana
 20727 | Lair:4   | Noticed Nessos
 20730 | Lair:4   | Killed Nessos
 21385 | Lair:3   | Found a staircase to the Shoals.
 21548 | Lair:3   | Identified the Reference Book on Dusty Fire
 21684 | Lair:3   | Identified the Disquisition on Boosts and Darkness
 22874 | Lair:5   | Reached skill level 10 in Fighting
 22911 | Lair:5   | Found a staircase to the Slime Pits.
 22912 | Lair:5   | Found a viscous altar of Jiyva.
 23585 | Lair:6   | Reached skill level 10 in Short Blades
 23715 | Lair:6   | Reached skill level 11 in Stealth
 25244 | Lair:6   | Gained mutation: You have sharp toenails. [demonic
                  | ancestry]
 25244 | Lair:6   | Reached XP level 14. HP: 60/99 MP: 23/23
 25541 | Lair:6   | Found a glowing golden altar of the Shining One.
 25833 | Lair:6   | Reached skill level 5 in Hexes
 26722 | D:11     | You fall into a shaft and drop 1 floor!
 26722 | D:12     | Reached ****** piety under Hepliaklqana
 27008 | D:12     | Found a runed translucent gate.
 27009 | D:12     | Found a runed translucent gate.
 27163 | D:12     | Found a runed translucent gate.
 27407 | D:12     | Found a staircase to the Orcish Mines.
 27645 | D:13     | Reached skill level 1 in Invocations
 27681 | Orc:1    | Entered Level 1 of the Orcish Mines
 27706 | Orc:1    | Found a roughly hewn altar of Beogh.
 28153 | Orc:1    | Found a runed translucent gate.
 28154 | Orc:1    | Found a runed translucent gate.
 28185 | Orc:1    | Noticed Maurice
 28206 | Orc:1    | Killed Maurice
 28298 | Orc:1    | Found a runed translucent gate.
 28301 | Orc:1    | Noticed Segg's ghost (adept GnSk)
 28436 | Orc:2    | Entered Level 2 of the Orcish Mines
 28572 | Orc:2    | Noticed an orc warlord
 28590 | Orc:2    | Killed an orc warlord
 28869 | Orc:2    | Found a staircase to the Elven Halls.
 29582 | Orc:2    | Found Parhoewu's Magic Scroll Shoppe.
 29584 | Orc:2    | Found Vufylomm's Food Emporium.
 29834 | Orc:2    | Found Bopt's General Store.
 29897 | Orc:2    | Found Kureofeo's General Store.
 29897 | Orc:2    | Found Wazug's Magic Scroll Emporium.
 30010 | Orc:2    | Bought a scroll of teleportation for 33 gold pieces
 32148 | Orc:2    | Found Tyhehaqo's Book Boutique.
 32148 | Orc:2    | Found Ywironnobo's Antique Armour Shop.
 32148 | Orc:2    | Found a one-way gate leading to the halls of Pandemonium.
 32152 | Orc:2    | Reached skill level 12 in Stealth
 32152 | Orc:2    | Reached skill level 5 in Invocations
 32545 | Orc:2    | Bought a scroll of acquirement for 520 gold pieces
 32547 | Orc:2    | Bought a scroll of fog for 20 gold pieces
 32547 | Orc:2    | Bought a scroll of blinking for 75 gold pieces
 32547 | Orc:2    | Bought a scroll of teleportation for 30 gold pieces
 32547 | Orc:2    | Bought a scroll of vulnerability for 75 gold pieces
 32550 | Orc:2    | Bought a scroll of blinking for 82 gold pieces
 32550 | Orc:2    | Bought a wand of clouds (6) for 330 gold pieces
 32742 | D:13     | You fall into a shaft and drop 2 floors!
 32742 | D:15     | Entered Level 15 of the Dungeon
 32743 | D:15     | Reached XP level 15. HP: 107/107 MP: 24/24
 33744 | D:14     | Identified the cursed +0 rapier of Regicide {freeze, rC-
                  | Dex+4}
 34654 | D:13     | Found a gate to the Vaults.
 34700 | D:13     | Slain by a phantasmal warrior

Illustrated notes

Levels and vault maps discovered:
D:1:      lemuel_arrival_river_ford, layout_loops_ring
D:2:      layout_loops_ring
D:3:      lemuel_castle_with_subvaults [lemuel_castle_interior_carwin_2],
          layout_loops_ring, portal_sewer_entry_f, uniq_terence
D:4:      layout_loops_ring, gammafunk_ghost_grave, kennysheep_generic_room_11
D:5:      layout_cave_pods, minmay_temple_entry_glassed_door, basic_altar,
          first_ration
D:6:      layout_basic, xom_confusion_cloud, lemuel_doored_altar,
          minmay_misc_feat_doors
D:7:      layout_loops_ring, grunt_temple_overflow_cloverleaf
D:8:      layout_cave_pools, blue_anna_alchemist [blue_anna_fruit_fields,
          blue_anna_fruit_fields], minmay_pinched_square, uniq_pikel, uniq_grum,
          uniq_maggie
D:9:      layout_loops_ring, dpeg_lair_monsters, special_room
          [special_room_orc], onia_ninara_dug_in_and_dangerous
D:10:     layout_stronghold, grunt_gozag_statues, uniq_erolcha, uniq_gastronok,
          uniq_fannar, uniq_joseph
D:11:     layout_rooms, minivault_8
D:12:     layout_rooms, orc_0_dummy, gammafunk_ghost_necromancy,
          hangedman_corner_corridor
D:13:     layout_stronghold, david_vaults_1
D:14:     layout_loops_ring, serial_bayou_pond_a
D:15:     gammafunk_depths_entry_grave, layout_rooms, serial_shops,
          nicolae_shop_stone, minmay_misc_feat_encased
Temple:   regret_index_temple_sphere_string
Lair:1:   layout_regular_city
Lair:2:   layout_cave_pods, dummy_snake_entry, grunt_megastairs_2, uniq_sonja,
          uniq_harold
Lair:3:   layout_chaotic_city, minmay_shoals_entry_hut, wad_woods_river_02,
          lemuel_fruit_tree, infiniplex_staircase_pool_2
Lair:4:   layout_hall_layers, lemuel_fruit_fields, serial_bayou_shore_a,
          serial_bayou_shore_b, uniq_nessos
Lair:5:   layout_concentric_octagons, slime_altar_1
Lair:6:   hangedman_lair_caniforms_friends, layout_layer_cave,
          hangedman_lair_in_review, lemuel_oklob_altar
Orc:1:    layout_caves, basic_altar, biasface_ghost_orc_armoury, mines5_lemuel,
          uniq_maurice
Orc:2:    pf_orc_diabolical, layout_diamond_mine, guppyfry_orc_lava_fort

Skill      XL: |  1  2  3  4  5  6  7  8  9 10 11 12 13 14 15 |
---------------+----------------------------------------------+-----
Fighting       | 1 2 3 4 5 6 7 9 10 11 | 11.6
Necromancy     | 5 6 7 8 9 |  9.2
Stealth        | 2 3 4 5 6 7 9 10 11 12 | 12.3
Dodging        | 2 3 4 5 6 8 |  8.0
Short Blades   | 1 2 5 8 10 | 10.0
Shields        | 2 3 4 |  4.0
Armour         | 2 3 5 6 7 8 |  8.2
Spellcasting   | 3 4 6 |  6.0
Hexes          | 3 4 7 9 |  9.0
Evocations     | 4 6 |  6.0
Invocations    | 5 |  5.0

Action                   |  1- 3 |  4- 6 |  7- 9 | 10-12 | 13-15 || total
-------------------------+-------+-------+-------+-------+-------++-------
Melee: Spear             |    51 |    43 |   376 |   347 |       ||   817
       Dagger            |       |     4 |     5 |   206 |  1239 ||  1454
       Short sword       |       |       |       |   162 |       ||   162
       Kick              |       |       |       |       |   327 ||   327
 Fire: Hunting sling     |     7 |    29 |     3 |       |       ||    39
Throw: Stone             |    20 |       |       |       |       ||    20
 Cast: Pain              |    36 |    82 |    32 |    10 |     3 ||   163
       Animate Skeleton  |     5 |    17 |     7 |    25 |     7 ||    61
       Vampiric Draining |       |     1 |     2 |     6 |     5 ||    14
       Dazzling Flash    |       |       |       |     4 |    87 ||    91
       Confusing Touch   |       |       |       |     4 |     6 ||    10
       Animate Dead      |       |       |       |     1 |    12 ||    13
       Ensorcelled Hiber |       |       |       |       |    28 ||    28
       Spectral Weapon   |       |       |       |       |     5 ||     5
Invok: Recall Ancestor   |       |       |     1 |     9 |     3 ||    13
       Ancestor Life: He |       |       |     1 |       |       ||     1
 Abil: Evoke Blink       |       |       |       |       |     4 ||     4
Evoke: Wand              |       |       |    10 |     4 |     7 ||    21
  Use: Scroll            |       |     7 |    10 |    15 |     7 ||    39
       Potion            |       |       |       |     2 |     7 ||     9
 Stab: Sleeping          |     4 |     1 |    18 |    58 |    92 ||   173
       Distracted        |       |     1 |     2 |    18 |    19 ||    40
       Confused          |       |       |       |    13 |     9 ||    22
       Paralysed         |       |       |       |     2 |     5 ||     7
       Invisible         |       |       |       |     1 |    46 ||    47
  Eat: Chunk             |     4 |     8 |    12 |    24 |    25 ||    73
       Ration            |       |     1 |     2 |     2 |     9 ||    14
Armor: Robe              |     3 |       |       |       |       ||     3
       Leather armour    |     5 |    12 |     5 |       |       ||    22
       Scale mail        |       |       |     3 |       |       ||     3
       Ring mail         |       |       |    57 |   142 |   187 ||   386
Dodge: Dodged            |    35 |    50 |   141 |   336 |   626 ||  1188
Block: Buckler           |       |       |    65 |   149 |   334 ||   548
